 Dungeon Crawl Stone Soup version 0.19.0-24-gb05acd6 (webtiles) character file.

1358 ChaseSP the Changer (level 8, -2/37 HPs)
             Began as a Vine Stalker Transmuter on Nov 22, 2016.
             Slain by a hog (8 damage)
             ... on level 7 of the Dungeon.
             The game lasted 00:13:00 (4618 turns).

ChaseSP the Changer (Vine Stalker Transmuter)       Turns: 4618, Time: 00:13:01

Health: -2/37      AC:  8    Str: 14    XL:     8   Next: 64%
Magic:  0/12       EV: 12    Int: 13    God:
Gold:   149        SH:  0    Dex: 16    Spells: 4 memorised, 1 level left

rFire  . . .     SeeInvis .       - Unarmed
rCold  . . .     Gourm    .     i - +0 ring mail
rNeg   . . .     Faith    .     (no shield)
rPois  .         Spirit   +     (no helmet)
rElec  .         Reflect  .     f - +2 cloak
rCorr  .         Harm     .     (no gloves)
MR     +....                    (no boots)
Stlth  ++........               (no amulet)
                                (no ring)
                                t - ring of stealth

@: no status effects
A: fangs 3, regeneration 1, magic shield, antimagic bite, no device heal 3, rot
immunity
a: no special abilities


You were on level 7 of the Dungeon.
You were not hungry.

You visited 1 branch of the dungeon, and saw 7 of its levels.

You collected 149 gold pieces.

Inventory:

Missiles
 a - 131 arrows
Armour
 b - a +0 robe
 f - a +2 cloak (worn)
 i - a +0 ring mail (worn)
Jewellery
 t - a ring of stealth (left hand)
Wands
 E - a wand of confusion (33/48)
Scrolls
 e - 2 scrolls of teleportation
 h - 2 scrolls of identify
 l - a scroll of noise {unknown}
 n - a scroll of vulnerability {unknown}
 p - 3 scrolls of remove curse
 s - a scroll of amnesia {unknown}
 u - a scroll of fear {unknown}
 y - 2 scrolls of recharging {unknown}
 A - a scroll of fog {unknown}
 F - a scroll of immolation {unknown}
Potions
 j - a potion of cure mutation
 k - 3 potions of curing
 m - 3 potions of cancellation
 o - 2 potions of ambrosia
 q - a potion of magic
 r - a potion of degeneration
 v - a potion of lignification
 B - a potion of flight {unknown}
Books
 c - a book of Changes

   Spells                             Type                      Level
   a - Beastly Appendage              Transmutation                1
   b - Sticks to Snakes               Transmutation                2
   c - Spider Form                    Transmutation/Poison         3
   d - Ice Form                       Ice/Transmutation            4
   e - Blade Hands                    Transmutation                5
 C - a book of Conjurations

   Spells                             Type                      Level
   a - Magic Dart                     Conjuration                  1
   b - Searing Ray                    Conjuration                  2
   c - Dazzling Spray                 Conjuration/Hexes            3
   d - Fulminant Prism                Conjuration/Hexes            4
   e - Iskenderun's Mystic Blast      Conjuration                  4
   f - Iskenderun's Battlesphere      Conjuration/Charms           5
Comestibles
 d - 5 bread rations
 g - 4 beef jerkies
 w - a meat ration
 x - 3 fruits
 z - a slice of pizza
 D - 3 chunks of flesh


   Skills:
 - Level 0.8 Fighting
 + Level 3.2 Dodging
 + Level 5.2 Unarmed Combat
 - Level 2.1 Spellcasting
 * Level 7.2 Transmutations
 * Level 3.6 Ice Magic
 - Level 3.0 Poison Magic


You had one spell level left.
You knew the following spells:

 Your Spells              Type           Power        Failure   Level  Hunger
a - Beastly Appendage     Tmut           ###...       2%          1    ##.....
b - Sticks to Snakes      Tmut           ###.....     4%          2    ###....
c - Spider Form           Tmut/Pois      ##........   21%         3    ####...
d - Ice Form              Ice/Tmut       ###.....     69%         4    #####..


Dungeon Overview and Level Annotations

Branches:
Dungeon (7/15)
 Temple: D:4-7

Altars:
Makhleb

Annotations:
D:6 Trees's ghost, novice OpFi


Innate Abilities, Weirdness & Mutations

You have razor-sharp teeth.
Your natural rate of healing is unusually fast.
When hurt, damage is shared between your health and your magic reserves.
Your bite disrupts and absorbs the magic of your enemies.
Potions and wands cannot restore your health.
You are immune to rotting.


Message History

The hog bites you.
* * * LOW HITPOINT WARNING * * *
The hog closely misses you. The hog bites you but does no damage.
You feel your dexterity returning.
You feel a bit more experienced.
Things that are here:
a hand axe; an animal skin The hog closely misses you.
The hog bites you but does no damage. The hog bites you!
* * * LOW HITPOINT WARNING * * *
The hog misses you. The hog bites you.
* * * LOW HITPOINT WARNING * * *
The hog bites you.
* * * LOW HITPOINT WARNING * * *
You see here a yak corpse.
The hog bites you!
You die...

... #.## ###
...#### ##.#####
#.... #..'...%
#..#######..#....
##...........###'#
#............#.hYh
#.###........#.h..
# ##@#
###..######### #
#. #.h# #...##
..#.# ###.####.###
....###...†....#
.# #............#
.?..###..........#
$................#
.#####.#........#
#.#........#


You could see a hog.

Vanquished Creatures
  Prince Ribbit (D:4)
  A yak (D:7)
  A human (D:7)
  A phantom (D:5)
  An ogre (D:5)
  The ghost of f0rbidden the Shooter, an amateur CeHu (D:3)
  A hound (D:3)
  A quasit (D:5)
  A bullfrog zombie (D:5)
  4 orc priests
  2 iguanas
  An orc wizard (D:3)
  3 worker ants
  3 gnolls (D:3)
  A howler monkey skeleton (D:5)
  7 adders
  A shadow imp (D:4)
  An adder skeleton (D:4)
  3 worms (D:3)
  5 dart slugs
  6 leopard geckos
  19 orcs
  6 bats
  6 giant cockroaches
  5 goblins
  9 hobgoblins
  9 jackals
  2 quokkas
  6 frilled lizards
  A jackal skeleton (D:4)
  5 kobolds (D:1)
  9 rats
123 creatures vanquished.

Vanquished Creatures (collateral kills)
  Terence (D:2)
  A bat (D:2)
2 creatures vanquished.

Grand Total: 125 creatures vanquished

Notes
Turn   | Place    | Note
-------+----------+-------------------------------------------
     0 | D:1      | ChaseSP the Vine Stalker Transmuter began the quest for the Orb.
     0 | D:1      | Reached XP level 1. HP: 9/9 MP: 4/4
   280 | D:1      | Reached XP level 2. HP: 14/14 MP: 6/6
   284 | D:1      | Learned a level 2 spell: Sticks to Snakes
   439 | D:1      | Reached skill level 3 in Transmutations
   859 | D:1      | Reached XP level 3. HP: 15/17 MP: 5/7
   864 | D:1      | Learned a level 3 spell: Spider Form
   903 | D:2      | Noticed Terence
   922 | D:2      | Killed Terence
   938 | D:2      | Reached skill level 1 in Poison Magic
  1282 | D:2      | Gained mutation: Your natural rate of healing is unusually fast. [Vine Stalker growth]
  1282 | D:2      | Reached XP level 4. HP: 20/21 MP: 6/8
  1508 | D:2      | Reached skill level 4 in Transmutations
  1793 | D:3      | Reached XP level 5. HP: 21/25 MP: 7/9
  2188 | D:3      | Noticed f0rbidden's ghost (amateur CeHu)
  2467 | D:3      | HP: 1/25 [orc/dagger (3)]
  2469 | D:3      | Reached skill level 5 in Transmutations
  2469 | D:3      | Reached XP level 6. HP: 2/29 MP: 0/10
  2796 | D:4      | HP: 1/29 [orc priest/divine providence (7)]
  3379 | D:3      | Killed f0rbidden's ghost
  3379 | D:3      | Reached XP level 7. HP: 8/32 MP: 2/11
  3485 | D:3      | Found a burning altar of Makhleb.
  3559 | D:3      | Learned a level 4 spell: Ice Form
  3618 | D:5      | Entered Level 5 of the Dungeon
  3618 | D:5      | Noticed Prince Ribbit
  3691 | D:4      | Killed Prince Ribbit
  3691 | D:4      | Reached skill level 6 in Transmutations
  3691 | D:4      | Reached skill level 1 in Ice Magic
  3977 | D:5      | Gained mutation: You have razor-sharp teeth. [Vine Stalker growth]
  3977 | D:5      | Reached XP level 8. HP: 18/37 MP: 12/12
  4255 | D:5      | Reached skill level 5 in Unarmed Combat
  4424 | D:6      | Noticed Trees's ghost (novice OpFi)
  4499 | D:7      | Noticed a yak
  4533 | D:7      | Reached skill level 7 in Transmutations
  4601 | D:7      | Killed a yak
  4618 | D:7      | Slain by a hog

Skill      XL: |  1  2  3  4  5  6  7  8 |
---------------+-------------------------+-----
Transmutations | 3 4 5 6 7 |  7.2
Poison Magic   | 1 2 3 |  3.0
Dodging        | 2 3 |  3.2
Unarmed Combat | 4 5 |  5.2
Ice Magic      | 2 3 |  3.6
Fighting       | |  0.8
Spellcasting   | |  2.1

Action                   |  1- 3 |  4- 6 |  7- 9 || total
-------------------------+-------+-------+-------++-------
Melee: Unarmed           |    91 |   293 |   175 ||   559
       Bite              |    23 |    69 |    35 ||   127
       Headbutt          |     2 |     3 |    10 ||    15
       Punch             |       |     6 |     4 ||    10
       Kick              |       |    20 |     7 ||    27
 Cast: Beastly Appendage |     2 |     8 |     6 ||    16
       Sticks to Snakes  |     3 |       |       ||     3
       Spider Form       |       |     4 |     4 ||     8
  Use: Scroll            |       |     7 |     2 ||     9
 Stab: Distracted        |       |       |     1 ||     1
  Eat: Chunk             |     1 |     8 |     5 ||    14
Armor: Ring mail         |    38 |   112 |    83 ||   233
       Robe              |     2 |       |       ||     2
       Skin              |       |     1 |       ||     1
Dodge: Dodged            |    68 |   203 |   139 ||   410
